 Dungeon Crawl Stone Soup version 0.29.0-4-gdea44cf6ec (webtiles) character file.

Game seed: 11977906381035075332

153 Plasmagod the Chopper (level 5, 0/41 HPs)
             Began as a Formicid Fighter on Aug 27, 2022.
             Slain by a shadow imp (4 damage)
             ... summoned by Natasha
             ... on level 3 of the Dungeon.
             The game lasted 00:04:22 (2475 turns).

Plasmagod the Chopper (Formicid Fighter)            Turns: 2475, Time: 00:04:22

Health: 0/41       AC:  8    Str: 22    XL:     5   Next: 61%
Magic:  5/5        EV:  9    Int:  8    God:
Gold:   107        SH:  5    Dex: 13    Spells: 4/4 levels left

rFire   . . .      SeeInvis +   j - +0 great sword
rCold   . . .      Faith    .   c - +0 buckler
rNeg    . . .      Spirit   .   b - +0 scale mail
rPois   .          Reflect  .   (helmet unavailable)
rElec   .          Harm     .   (no cloak)
rCorr   .          Rampage  .   (no gloves)
Will    .....                   h - +0 pair of boots
Stlth   ..........              (no amulet)
HPRegen 0.13/turn               (no ring)
MPRegen 0.09/turn               (no ring)

@: no status effects
A: permanent stasis, dig shafts and tunnels, antennae 3, four strong arms
a: Dig, Shaft Self


You were on level 3 of the Dungeon.
You visited 1 branch of the dungeon, and saw 3 of its levels.

You collected 107 gold pieces.

Inventory:

Hand Weapons
 a - a +0 war axe
 j - a +0 great sword (weapon)
Armour
 b - a +0 scale mail (worn)
 c - a +0 buckler (worn)
 h - a +0 pair of boots (worn)
Jewellery
 l - a +4 ring of evasion
Wands
 k - a wand of quicksilver (4)
Scrolls
 g - 3 scrolls of identify {unknown}
 i - 2 scrolls of enchant armour {unknown}
 m - a scroll of noise {unknown}
 s - a scroll of teleportation {unknown}
 t - a scroll of immolation {unknown}
 u - a scroll of brand weapon {unknown}
Potions
 d - a potion of might
 e - a potion of degeneration {unknown}
 f - 4 potions of invisibility {unknown}
 n - a potion of resistance {unknown}
 o - a potion of mutation {unknown}
 p - a potion of brilliance {unknown}
 q - a potion of cancellation {unknown}
 r - a potion of heal wounds {unknown}


   Skills:
 - Level 3.2 Fighting
 + Level 2.5 Long Blades
 - Level 4.5 Axes
 - Level 3.2 Armour
 - Level 4.0 Shields


You had 4 spell levels left.
You didn't know any spells.
Your spell library was empty.

Dungeon Overview and Level Annotations

Branches:
Dungeon (3/15)

Altars:
Cheibriados

Shops:
D:3 *

Annotations:
D:3 Natasha


Innate Abilities, Weirdness & Mutations

You cannot be hasted, slowed, berserked, paralysed or teleported.
You can dig through walls and to a lower floor.
You have a pair of large antennae on your head. (SInv)
Your four strong arms can wield two-handed weapons with a shield.


Message History

Natasha closely misses you.
You barely miss Natasha.
Natasha howls an incantation.
You feel disoriented. You block Natasha's attack.
Natasha claws you but does no damage.
You closely miss Natasha. You block Natasha's attack. The shadow imp hits you.
You barely miss Natasha. Natasha claws you. The shadow imp closely misses you.
Natasha claws you.
You closely miss Natasha. The shadow imp gestures at you.
Pain shoots through your body!
Natasha casts a spell.
The shadow imp hits you but does no damage.
You closely miss Natasha. Natasha claws you.
The shadow imp hits you but does no damage.
Natasha claws you. The shadow imp barely misses you.
You miss Natasha. The crimson imp barely misses you.
Natasha casts a spell at you. The magic dart hits you. The shadow imp hits you.
The crimson imp closely misses you. Natasha claws you.
You barely miss Natasha. The shadow imp gestures at you.
Pain shoots through your body!
* * * LOW HITPOINT WARNING * * *
The crimson imp closely misses you. Natasha closely misses you.
The shadow imp hits you but does no damage.
You barely miss Natasha.
The crimson imp blinks!
Natasha claws you but does no damage. The shadow imp barely misses you.
The crimson imp blinks!
You block Natasha's attack.
You closely miss Natasha. The shadow imp hits you.
* * * LOW HITPOINT WARNING * * *
You block Natasha's attack. The shadow imp gestures at you.
You struggle to resist.
You hit Natasha.
Natasha is moderately wounded.
Natasha claws you.
* * * LOW HITPOINT WARNING * * *
The shadow imp hits you.
You die...

# #...######.##...###.....####
#####...'...##.##.........######
#...#...#...##.############
..8.....#...##.#
........#...##'####
....8.............#
.>........#.......#
....8.....#.......#########
......#####.....@5#.......#
..8...# #.....5h........#
#...#.# #...............#
#####.# ##.###..........# #.# #
#.#...#........# #^# ..
#.#............###.### #.#
#.#.#.#................. #.#
#............#.########. #.#
........####.##.....#.


You could see Natasha, a crimson imp (summoned) and a shadow imp (summoned).

Vanquished Creatures
  Natasha (twice) (D:3)
  Ijyb (D:3)
  3 adders
  A worm (D:3)
  2 dart slugs (D:1)
  An endoplasm (D:3)
  4 giant cockroaches
  4 goblins
  4 hobgoblins
  2 kobolds
  4 quokkas
  7 ball pythons
  4 bats
  10 rats
49 creatures vanquished.

Notes
Turn   | Place    | Note
-------+----------+-------------------------------------------
     0 | D:1      | Plasmagod the Formicid Fighter began the quest for the Orb.
     0 | D:1      | Reached XP level 1. HP: 18/18 MP: 1/1
   205 | D:1      | Reached XP level 2. HP: 24/24 MP: 2/2
   503 | D:1      | Reached XP level 3. HP: 29/29 MP: 3/3
   954 | D:2      | Reached XP level 4. HP: 12/35 MP: 4/4
  1535 | D:2      | Found a faded altar of an unknown god.
  1614 | D:3      | Noticed Ijyb
  1622 | D:3      | Killed Ijyb
  1874 | D:3      | Found Loxkewump's General Store.
  1961 | D:3      | Noticed Natasha
  1967 | D:3      | Killed Natasha
  1968 | D:3      | Reached skill level 1 in Long Blades
  1968 | D:3      | Reached XP level 5. HP: 41/41 MP: 5/5
  2056 | D:3      | Found a snail-covered altar of Cheibriados.
  2246 | D:3      | Noticed Natasha
  2252 | D:3      | Killed Natasha
  2460 | D:3      | Noticed Natasha
  2475 | D:3      | Slain by a shadow imp

Illustrated notes

Levels and vault maps discovered:
D:1:      dpeg_arrival_stonehenge_8_columns, layout_loops_ring
D:2:      layout_rooms, hellmonk_ecumenical_altar_heavens_door
D:3:      layout_basic, slow_altar_1, serial_shops, shop, grunt_ministairs_9,
          uniq_natasha, uniq_ijyb

Skill      XL: |  1  2  3  4  5 |
---------------+----------------+-----
Axes           | 3 4 |  4.5
Long Blades    | 1 2 |  2.5
Fighting       | |  3.2
Armour         | |  3.2
Shields        | |  4.0

Action                   |  1- 3 |  4- 6 || total
-------------------------+-------+-------++-------
Melee: War axe           |    63 |    14 ||    77
       Great sword       |       |    47 ||    47
Armor: Scale mail        |    27 |    25 ||    52
Dodge: Dodged            |    28 |    31 ||    59
Block: Buckler           |    22 |    15 ||    37
